 Dungeon Crawl Stone Soup version 0.32-a0-841-g4648e6c (webtiles) character file.

Game seed: 7244387636088408135

34 Dorkslayer the Ducker (level 3, -4/26 HPs)
             Began as an Octopode Fighter on Mar 26, 2024.
             Slain by Jessica
             ... wielding a +0 dagger of electrocution
              (12 damage)
             ... on level 2 of the Dungeon.
             The game lasted 00:01:27 (865 turns).

Dorkslayer the Ducker (Octopode Fighter)             Turns: 865, Time: 00:01:27

Health: -4/26      AC:  1    Str: 17    XL:     3   Next: 31%
Magic:  3/3        EV: 12    Int: 10    God:
Gold:   12         SH:  4    Dex: 11    Spells: 2/2 levels left

rFire   . . .        a - +0 war axe
rCold   . . .        b - +0 buckler
rNeg    . . .        (helmet restricted)
rPois   .            (no amulet)
rElec   .            (no ring)
rCorr   .            (no ring)
SInv    .            (no ring)
Will    .....        (no ring)
Stlth   ++           (no ring)
HPRegen 0.24/turn    (no ring)
MPRegen 0.08/turn    (no ring)
                     (no ring)

%: no passive effects
@: no status effects
A: almost no armour, amphibious, 8 rings, camouflage 1, gelatinous body 1,
(nimble swimmer 1), tentacles
a: no special abilities


You were on level 2 of the Dungeon.
You visited 1 branch of the dungeon, and saw 2 of its levels.

You collected 12 gold pieces.

Inventory:

Hand Weapons
 a - a +0 war axe (weapon)
Armour
 b - a +0 buckler (worn)
Scrolls
 e - a scroll of fog {unknown}
 f - 2 scrolls of identify {unknown}
 g - a scroll of brand weapon {unknown}
Potions
 c - a potion of might
 d - a potion of berserk rage {unknown}


   Skills:
 + Level 3.3 Fighting
 + Level 2.4 Axes
 + Level 3.3 Dodging
 + Level 0.8 Stealth
 + Level 3.3 Shields


You had 2 spell levels left.
You didn't know any spells.
Your spell library contained the following spells:

 Spells                   Type           Power      Damage    Failure   Level
 Cigotuvi's Dreadful Rot  Necr/Alch/Air  0%         N/A       58%         2
 Summon Ice Beast         Ice/Summ       0%         N/A       82%         3
 Dispel Undead            Necr           0%         3d6       99%         4
 Martyr's Knell           Necr/Summ      0%         N/A       99%         4
 Summon Mana Viper        Hex/Summ       0%         N/A       100%        5
 Monstrous Menagerie      Summ           0%         N/A       100%        7


Dungeon Overview and Level Annotations

Branches:
Dungeon (1/15)

Altars:

Annotations:
D:2 Jessica


Innate Abilities, Weirdness & Mutations

You cannot wear most types of armour.
You are amphibious.
You can wear up to eight rings at the same time.
Your skin changes colour to match your surroundings (Stealth+).
Your rubbery body absorbs attacks. (AC +1, EV +1)
((You are camouflaged when in or above water. (Stealth+)))
You have tentacles for arms and can constrict up to eight enemies at once.


Message History

You squeeze the kobold.
You kill the kobold!
You closely miss the kobold. The kobold hits you but does no damage.
The kobold hits you with a +0 short sword.
You closely miss the hobgoblin. You grab the hobgoblin.
You closely miss the kobold. You constrict the hobgoblin.
The kobold closely misses you. The hobgoblin hits you.
You hit the hobgoblin.
You kill the hobgoblin!
You closely miss the kobold.
The kobold hits you with a +0 short sword.
You block the kobold's attack.
Things that are here:
a +0 whip; 2 stones; a kobold corpse You hit the kobold.
You kill the kobold!
Things that are here:
a +0 short sword; 5 stones
Things that are here:
a +0 whip; 2 stones; a kobold corpse Jessica the Apprentice Sorceress comes into view.
She is wielding a +0 dagger of electrocution.
Jessica is nearby!
You block Jessica's attack.
You barely miss Jessica. Your grab misses Jessica.
Jessica hits you with a +0 dagger of electrocution.
You hit Jessica. Your grab misses Jessica.
Jessica is lightly wounded.
Jessica closely misses you.
Jessica hits you with a +0 dagger of electrocution.
You hit Jessica but do no damage. Your grab misses Jessica.
Jessica barely misses you.
You closely miss Jessica. Your grab misses Jessica.
Your squeeze misses Jessica. Jessica misses you.
Jessica shouts, "You are a ghastly nuisance!"
You block Jessica's attack.
You barely miss Jessica. Your grab misses Jessica. Jessica barely misses you.
You closely miss Jessica. You grab Jessica. You constrict Jessica.
Jessica hits you with a +0 dagger of electrocution.
You are electrocuted!
You die...

# ##.# ######.##
#...# #...@@..#
#...# #.#####..#
#...# #.# #
#####...####.#
#............##..
...................
#..................
####...#########..
#)).# .


You could see Jessica.

Vanquished Creatures
  A dart slug (D:1)
  2 ball pythons (D:1)
  4 bats (D:1)
  2 endoplasms (D:1)
  A giant cockroach (D:1)
  2 goblins (D:1)
  4 hobgoblins
  6 kobolds
  2 quokkas
  3 frilled lizards (D:1)
  2 rats (D:1)
29 creatures vanquished.

Notes
Turn   | Place    | Note
-------+----------+-------------------------------------------
     0 | D:1      | Dorkslayer the Octopode Fighter began the quest for the
                  | Orb.
     0 | D:1      | Reached XP level 1. HP: 16/16 MP: 1/1
   215 | D:1      | Reached XP level 2. HP: 21/21 MP: 2/2
   402 | D:1      | Found a faded altar of an unknown god.
   620 | D:1      | Reached XP level 3. HP: 10/26 MP: 3/3
   801 | D:1      | You fall into a shaft and drop 1 floor!
   857 | D:2      | Noticed Jessica
   865 | D:2      | Slain by Jessica

Illustrated notes

Levels and vault maps discovered:
D:1:      matt_arrival_los_fun, layout_loops_corners,
          dilly_ecumenical_altar_fadedgnrine
D:2:      layout_loops_cross, uniq_jessica

Action                     || total
---------------------------++-------
  Melee: War axe           ||    58
         Tentacles         ||    13
         Constrict         ||    15
   Stab: Sleeping          ||     9
 Armour: Skin              ||    36
  Dodge: Dodged            ||    29
  Block: Buckler           ||    17

Table legend: (Time is in decaauts)
 A = Elapsed time spent in this place.
 B = Non-inter-level travel time spent in this place.
 C = Inter-level travel time spent in this place.
 D = Time resting spent in this place.
 E = Time spent auto-exploring this place.
 F = Levels seen in this place.
 G = Mean time per level.
                   A        B        C        D        E       F      G
               +--------+--------+--------+--------+--------+-----+--------+
         Total |    888 |    888 |      0 |      0 |    550 |   2 |  444.0 |
       Dungeon |    888 |    888 |      0 |      0 |    550 |   2 |  444.0 |
               +--------+--------+--------+--------+--------+-----+--------+

Top non-repeatable levels by time:
     D:1: 820 daAuts
     D:2: 68 daAuts
